 Dungeon Crawl Stone Soup version 0.13.0-7-g3df9ff1 (webtiles) character file.

295 Deemzul the Chopper (level 4, -1/32 HPs)
             Began as an Octopode Berserker on Oct 16, 2013.
             Was a Believer of Trog.
             Killed from afar by Sigmund (4 damage)
             ... with a puff of flame
             ... on Level 2 of the Dungeon.
             The game lasted 00:02:29 (1045 turns).

Deemzul the Chopper (Octopode Berserker)            Turns: 1045, Time: 00:02:31

HP  -1/32        AC  1     Str 16      XL: 4   Next: 19%
MP   3/3         EV 18     Int 10      God: Trog [**....]
Gold 227         SH  0     Dex 17      Spells:  0 memorised,  3 levels left

Res.Fire  : + . .   See Invis. : .   a - +0 hand axe {=f}
Res.Cold  : + . .   Warding    : .   (no shield)
Life Prot.: . . .   Conserve   : .   (helmet restricted)
Res.Poison: +       Res.Corr.  : .   (no amulet)
Res.Elec. : +       Clarity    : .   g - +1 ring of intelligence
Sust.Abil.: . .     Spirit.Shd : .   (no ring)
Res.Mut.  : .       Stasis     : .   (no ring)
Res.Rott. : .       Flight     : .   (no ring)
Saprovore : . . .                    (no ring)
                                     (no ring)
                                     (no ring)
                                     (no ring)

@: exhausted, agile, mildly poisoned, slowed, very slow, slightly resistant to
hostile enchantments, quite stealthy
A: almost no armour, amphibious, 8 rings, constrict 8, camouflage 1, AC +1
a: Burn Spellbooks, Berserk, Trog's Hand, Renounce Religion


You were on level 2 of the Dungeon.
You worshipped Trog.
Trog was pleased with you.
You were very hungry.

You visited 1 branch of the dungeon, and saw 2 of its levels.

You collected 207 gold pieces.

Inventory:

Hand weapons
 a - a +0,+0 hand axe (weapon) {=f}
Magical devices
 i - a wand of digging (5)
Comestibles
 c - 2 bread rations
 f - a chunk of worm flesh
Scrolls
 b - 4 scrolls of remove curse {unknown}
 d - a scroll of teleportation {unknown}
 h - a scroll of amnesia {unknown}
Jewellery
 g - a +1 ring of intelligence (left tentacle)


   Skills:
 - Level 3.4 Fighting
 * Level 4.5 Axes
 - Level 3.0 Dodging


You had 3 spell levels left.
You didn't know any spells.

Dungeon Overview and Level Annotations

Branches:
Dungeon (2/27)

Altars:

Annotations:
D:2 Sigmund


Innate Abilities, Weirdness & Mutations

You cannot wear most types of armour.
You are amphibious.
You can wear up to eight rings at the same time.
You can use your tentacles to constrict many enemies at once.
Your skin changes colour to match your surroundings (Stlth).
Your rubbery body absorbs attacks (AC +1).


Message History

Something tries to affect you, but you resist.
You hear a zap.
Something tries to affect you, but you resist.
Unknown command.
You barely miss it. It hits you.
You are poisoned.
You hit it. You squeeze it.
You feel sick.
You hear some strange, mumbled words.
The magic dart hits you!
* * * LOW HITPOINT WARNING * * *
You hear a zap.
Something tries to affect you, but you resist.
Drink which item? (? for menu, Esc to quit)
You feel more agile all of a sudden.
It was a potion of agility.
* * * LOW HITPOINT WARNING * * *
You feel sick.
You hear some strange, mumbled words.
The puff of flame hits you! You resist.
You die...

#.##.#...# #.#
#.##.#...# #.#
.#...# #.#
#...###.##.#
#........#.#
#....#####.#
#.##.#####.###.#
#..............#
#..#.#####@#####
###......#.#
#..........#
#.#.@###.###
#.#..# #.# #
#..# # # ####


There were no monsters in sight!

Vanquished Creatures
  Ijyb (D:2)
  Jessica (D:2)
  An adder (D:2)
  A worm (D:2)
  A giant gecko (D:1)
  2 bats (D:2)
  A giant cockroach (D:1)
  3 hobgoblins (D:1)
  A quokka (D:2)
  A giant newt (D:2)
  4 goblins
  2 kobolds (D:1)
  A rat (D:1)
  A plant (D:1)
21 creatures vanquished.

Notes
Turn   | Place    | Note
--------------------------------------------------------------
     0 | D:1      | Deemzul, the Octopode Berserker, began the quest for the Orb.
     0 | D:1      | Reached XP level 1. HP: 16/16 MP: 0/0
   181 | D:1      | Reached XP level 2. HP: 21/21 MP: 1/1
   570 | D:2      | Noticed Ijyb
   579 | D:2      | Killed Ijyb
   579 | D:2      | Reached XP level 3. HP: 18/27 MP: 2/2
   698 | D:2      | Noticed Jessica
   702 | D:2      | Killed Jessica
   702 | D:2      | Reached skill level 4 in Axes
   722 | D:2      | Acquired Trog's second power
   736 | D:2      | Reached XP level 4. HP: 26/32 MP: 3/3
  1009 | D:2      | Noticed Sigmund
  1045 | D:2      | Killed from afar by Sigmund

Action                   |  1- 3 |  4- 6 || total
-------------------------+-------+-------++-------
Melee: Hand axe          |    55 |    14 ||    69
Invok: Berserk           |       |     1 ||     1
Evoke: Wand              |       |     2 ||     2
  Use: Potion            |       |     3 ||     3
 Stab: Sleeping          |     1 |       ||     1
